 Dungeon Crawl Stone Soup version 0.27-a0-417-g317cea8a3c (webtiles) character file.

Game seed: 17926057693570759540

102 HoaS the Ruffian (level 4, -1/36 HPs)
             Began as a Demigod Gladiator on Feb 25, 2021.
             Slain by an orc wizard
             ... wielding a +0 dagger
              (4 damage)
             ... on level 3 of the Dungeon.
             The game lasted 00:03:34 (2818 turns).

HoaS the Ruffian (Demigod Gladiator)                Turns: 2818, Time: 00:03:35

Health: -1/36      AC:  6    Str: 19    XL:     4   Next: 26%
Magic:  6/6        EV: 12    Int: 10    God:
Gold:   126        SH:  0    Dex: 15    Spells: 3/3 levels left

rFire    . . .     SeeInvis .     - Unarmed
rCold    . . .     Faith    .   (no shield)
rNeg     . . .     Spirit   .   k - +0 ring mail
rPois    .         Reflect  .   b - +0 helmet
rElec    .         Harm     .   (no cloak)
rCorr    .         Rampage  .   (no gloves)
Will     .....                  (no boots)
Stlth    +.........             (no amulet)
HPRegen  0.12/turn              (no ring)
MPRegen  0.10/turn              (no ring)

@: no status effects
A: high mp 1
a: no special abilities


You were on level 3 of the Dungeon.
You visited 1 branch of the dungeon, and saw 3 of its levels.

You collected 126 gold pieces.

Inventory:

Missiles
 c - 3 throwing nets (quivered)
 l - 4 silver javelins
Armour
 b - a +0 helmet (worn)
 k - a +0 ring mail (worn)
Potions
 a - a potion of lignification {unknown}
 d - 2 potions of curing {unknown}
 e - a potion of flight {unknown}
 f - a potion of attraction {unknown}
 g - a potion of invisibility {unknown}
 h - a potion of ambrosia {unknown}
 i - 2 potions of haste
 j - a potion of cancellation {unknown}
 m - a potion of resistance {unknown}


   Skills:
 - Level 1.7 Fighting
 - Level 1.7 Throwing
 - Level 2.6 Dodging
 + Level 4.9 Unarmed Combat


You had 3 spell levels left.
You didn't know any spells.
Your spell library was empty.

Dungeon Overview and Level Annotations

Branches:
Dungeon (3/15)


Innate Abilities, Weirdness & Mutations

You have an increased reservoir of magic. (+10% MP)


Message History

You completely miss the hobgoblin. The hobgoblin hits you.
You hit the hobgoblin but do no damage.
The hobgoblin hits you but does no damage.
You closely miss the hobgoblin.
The hobgoblin hits you but does no damage.
You punch the hobgoblin!
You kill the hobgoblin!
You swing at nothing.
You barely miss something. Something hits you but does no damage.
Your ring mail prevents you from hitting something.
You punch something. Something hits you but does no damage.
You closely miss something.
You hear some strange, mumbled words.
A puff of flame appears from out of thin air!
The puff of flame misses you.
You closely miss something. Something hits you but does no damage.
You miss something. Something hits you but does no damage.
You punch something!
You hear some strange, mumbled words.
A magic dart appears from out of thin air!
The magic dart hits you.
You miss something. Something hits you.
You barely miss something. Something hits you.
You barely miss something. You barely miss something.
You hear some strange, mumbled words.
A puff of flame appears from out of thin air!
The puff of flame hits you.
You miss something.
You hear some strange, mumbled words.
A magic dart appears from out of thin air!
The magic dart hits you.
* * * LOW HITPOINT WARNING * * *
You miss something.
You hear some strange, mumbled words.
A magic dart appears from out of thin air!
The magic dart hits you.
* * * LOW HITPOINT WARNING * * *
You barely miss something. Something hits you.
You die...

.#########
...o.o...#
og.......#
#.# #..# #.#
#..# #.#
#..##########
#.#
#......{@...#
#.#
#####(#####.#
#.# #.#
#.##### #.#
#.# #..)..#
##.## #.#
#####.###...#
#.#
####.#.#....#
#.#
#...###.....#
#.#
#.##.#.#..###
#.#
#.###.##..#


There were no monsters in sight!

Vanquished Creatures
  4 adders
  An ooze (D:2)
  A worm (D:2)
  A dart slug (D:1)
  4 leopard geckos
  An orc (D:3)
  7 bats
  A giant cockroach (D:1)
  8 goblins
  6 hobgoblins
  8 kobolds
  7 frilled lizards
  5 rats
54 creatures vanquished.

Notes
Turn   | Place    | Note
-------+----------+-------------------------------------------
     0 | D:1      | HoaS the Demigod Gladiator began the quest for the Orb.
     0 | D:1      | Reached XP level 1. HP: 17/17 MP: 3/3
   328 | D:1      | Reached skill level 3 in Unarmed Combat
   416 | D:1      | Reached XP level 2. HP: 8/24 MP: 4/4
  1034 | D:1      | Reached XP level 3. HP: 21/26 MP: 5/5
  1142 | D:1      | Reached skill level 4 in Unarmed Combat
  2390 | D:2      | Reached XP level 4. HP: 36/36 MP: 6/6
  2818 | D:3      | Slain by an orc wizard

Illustrated notes

Levels and vault maps discovered:
D:1:      heliophobic_arrival_glass_houses, layout_basic
D:2:      layout_basic, minmay_misc_feat_iff
D:3:      layout_loops_ring

Skill      XL: |  1  2  3 |
---------------+----------+-----
Unarmed Combat | 3 4 |  4.9
Fighting       | |  1.7
Throwing       | |  1.7
Dodging        | |  2.6

Action                   |  1- 3 |  4- 6 || total
-------------------------+-------+-------++-------
Melee: Unarmed           |   170 |    56 ||   226
       Punch             |     1 |     1 ||     2
  Use: Scroll            |     6 |       ||     6
 Stab: Sleeping          |     2 |       ||     2
Armor: Leather armour    |    35 |       ||    35
       Ring mail         |    11 |    14 ||    25
Dodge: Dodged            |    94 |    30 ||   124

Table legend: (Time is in decaauts)
 A = Elapsed time spent in this place.
 B = Non-inter-level travel time spent in this place.
 C = Inter-level travel time spent in this place.
 D = Time resting spent in this place.
 E = Time spent auto-exploring this place.
 F = Levels seen in this place.
 G = Mean time per level.
                   A        B        C        D        E       F      G
               +--------+--------+--------+--------+--------+-----+--------+
         Total |   2801 |   2689 |    112 |    952 |   1284 |   3 |  933.7 |
       Dungeon |   2801 |   2689 |    112 |    952 |   1284 |   3 |  933.7 |
               +--------+--------+--------+--------+--------+-----+--------+

Top non-repeatable levels by time:
     D:1: 1411 daAuts
     D:2: 1173 daAuts
     D:3: 216 daAuts
